 Dungeon Sprint DCSS version 0.28-a0-1235-g7c8fac35f0 (webtiles) character file.

Game seed: 15510799099931547145

49 mhtbhm the Spear-Bearer (level 3, -7/33 HPs)
             Began as a Merfolk Berserker on Dec 24, 2021.
             Was a Priest of Trog.
             Killed by vampiric draining
             ... invoked by a vampire
              (12 damage)
             ... in the Dungeon (Sprint IX: "|||||||||||||||||||||||||||||").
             The game lasted 00:00:26 (324 turns).

mhtbhm the Spear-Bearer (Merfolk Berserker)          Turns: 324, Time: 00:00:27

Health: -7/33      AC: 10    Str: 22    XL:     3   Next: 77%
Magic:  3/3        EV: 15    Int:  6    God:    Trog [***...]
Gold:   0          SH:  0    Dex: 13    Spells: 2/2 levels left

rFire   . . .      SeeInvis .   a - +2 halberd (protect)
rCold   . . .      Faith    .   (shield currently unavailable)
rNeg    . . .      Spirit   .   b - +0 animal skin
rPois   .          Reflect  .   (no helmet)
rElec   .          Harm     .   (no cloak)
rCorr   .          Rampage  .   k - +0 pair of gloves
Will    .....      NoTele   +   (no boots)
Stlth   +.........              (no amulet)
HPRegen 0.11/turn               l - +3 ring of strength
MPRegen 0.08/turn               m - +2 ring of evasion

@: confused, under a protective aura, on berserk cooldown, slowed, very slow
A: (nimble swimmer 2), mertail
a: Renounce Religion, Berserk, Trog's Hand


You were in the Dungeon.
You worshipped Trog.
Trog was most pleased with you.
You visited 1 branch

Inventory:

Hand Weapons
 a - a +2 halberd of protection (weapon)
Armour
 b - a +0 animal skin (worn)
 k - a +0 pair of gloves (worn)
Jewellery
 l - a +3 ring of strength (left hand)
 m - a +2 ring of evasion (right hand)
Wands
 j - a wand of iceblast (10)
Scrolls
 h - 2 scrolls of blinking
Potions
 c - 5 potions of curing
 d - 3 potions of heal wounds
 e - a potion of haste
 f - 4 potions of magic
 g - a potion of berserk rage
 i - a potion of invisibility


   Skills:
 + Level 5.4 Fighting
 + Level 8.2 Polearms
 + Level 2.1 Armour
 + Level 4.0 Dodging
 + Level 0.2 Stealth


You had 2 spell levels left.
You didn't know any spells.
Your spell library was empty.

Dungeon Overview and Level Annotations

Branches:
Dungeon (1/1)

Altars:
Cheibriados
Dithmenos
Elyvilon
Fedhas
Gozag
Hepliaklqana
Kikubaaqudgha
Makhleb
Nemelex Xobeh
Okawaru
Qazlal
Ru
Sif Muna
Trog
Uskayaw
Vehumet
Wu Jian
Xom
Yredelemnul
Zin
The Shining One
Beogh
Jiyva
Lugonu


Innate Abilities, Weirdness & Mutations

((You are very nimble when in or above water. (Stealth+, EV+, Speed+++)))
Your lower body shifts to a powerful aquatic tail in water.


Message History

Your weapon exudes an aura of protection.
The vampire is heavily damaged.
The vampire gestures wildly while chanting.
The vampire flickers and vanishes!
Deactivating autopickup; reactivate with Ctrl-A.
You puncture something! Something hits you.
Something bites you but does no damage. Something you can't see is in the way.
You miss something. Something hits you! Something bites you but does no damage.
Something you can't see is in the way.
You miss something. Something you can't see is in the way.
You miss something. Something draws life force from you!
You are too injured to fight recklessly!
You are too injured to fight recklessly!
You barely miss something. Something hits you. Something bites you!
* * * LOW HITPOINT WARNING * * *
Something draws strength from your injuries!
You barely miss something. You hit something but do no damage.
You hear some strange, mumbled words.
Something tries to affect you, but you resist.
Unknown command.
You closely miss something.
You hear some strange, mumbled words.
You are confused.
You miss something.
Unknown command.
Unknown command.
Unknown command.
You are too berserk!
You bump into the unnaturally hard rock wall.
The howler monkey hoots and howls with incredible vigour!
Something hits you but does no damage. Something bites you but does no damage.
You hear a shout!
You hear a roar!
You feel a strong urge to attack something.
You are no longer berserk.
You are exhausted.
You feel yourself slow down.
You slash something! Something draws life force from you!
You die... ▓▓▓▓▓▓▓▓▓▓▓▓▓▓▓▓▓▓▓▓▓▓▓▓▓ ________'.?)..[[@.oK.hZo. ▓▓▓▓▓▓▓▓▓▓▓▓▓▓▓▓▓▓▓▓▓▓▓▓▓

You could see an orc warrior, a kobold brigand, a howler monkey (catching breath), an orc priest and a ball python zombie.

Vanquished Creatures
  A hound (D)
  An adder (D)
  An orc (D)
  An endoplasm (D)
  2 goblins (D)
  2 jackals (D)
  A ball python (D)
  A bat (D)
10 creatures vanquished.

Notes
Turn   | Place    | Note
-------+----------+-------------------------------------------
     0 | D        | mhtbhm the Merfolk Berserker began the quest for the Orb.
     0 | D        | Reached XP level 1. HP: 18/18 MP: 1/1
     8 | D        | Reached skill level 5 in Polearms
    12 | D        | Reached ** piety under Trog
   204 | D        | Noticed a hound
   207 | D        | Reached XP level 2. HP: 25/25 MP: 2/2
   207 | D        | Reached *** piety under Trog
   208 | D        | Reached skill level 6 in Polearms
   218 | D        | Reached skill level 5 in Fighting
   218 | D        | Reached skill level 8 in Polearms
   218 | D        | Reached XP level 3. HP: 33/33 MP: 3/3
   257 | D        | Found a snail-covered altar of Cheibriados.
   257 | D        | Found a shadowy altar of Dithmenos.
   257 | D        | Found a white marble altar of Elyvilon.
   257 | D        | Found a blossoming altar of Fedhas.
   257 | D        | Found an opulent altar of Gozag.
   258 | D        | Found a hazy altar of Hepliaklqana.
   259 | D        | Found a viscous altar of Jiyva.
   260 | D        | Found an ancient bone altar of Kikubaaqudgha.
   261 | D        | Found a corrupted altar of Lugonu.
   262 | D        | Found a burning altar of Makhleb.
   263 | D        | Found a sparkling altar of Nemelex Xobeh.
   264 | D        | Found an iron altar of Okawaru.
   265 | D        | Found a stormy altar of Qazlal.
   266 | D        | Found a sacrificial altar of Ru.
   267 | D        | Found a shimmering blue altar of Sif Muna.
   268 | D        | Found a bloodstained altar of Trog.
   269 | D        | Found a hide-covered altar of Uskayaw.
   270 | D        | Found a radiant altar of Vehumet.
   271 | D        | Found an ornate altar of the Wu Jian Council.
   272 | D        | Found a shimmering altar of Xom.
   273 | D        | Found a basalt altar of Yredelemnul.
   274 | D        | Found a glowing silver altar of Zin.
   275 | D        | Found a glowing golden altar of the Shining One.
   310 | D        | Noticed a vampire
   310 | D        | Noticed an orc warrior
   310 | D        | Noticed a kobold brigand
   324 | D        | Killed from afar by a vampire

Illustrated notes

Levels and vault maps discovered:
D:        linesprint [early_d, line_temple, items_1, d_10, items_2, lair_1,
          lair_end, items_3, orc_1, orc_end, items_4, d_15, swamp_1, shoals_1,
          snake_1, spider_1, d_20, vaults_1, items_5, swamp_end, shoals_end,
          snake_end, spider_end, vaults_end, d_27, items_6, zot_1, zot_end,
          crypt_end, forest_end, elf_end, slime_end, tomb_end, abyss_end,
          pan_hell_end]

Skill      XL: |  1  2 |
---------------+-------+-----
Polearms       | 5 8 |  8.2
Dodging        | 3 4 |  4.0
Fighting       | 4 5 |  5.4
Armour         | 2 |  2.1
Stealth        | |  0.2

Action                   || total
-------------------------++-------
Melee: Spear             ||    27
       Halberd           ||    11
Invok: Berserk           ||     2
Armor: Animal skin       ||     7
Dodge: Dodged            ||     6

Table legend: (Time is in decaauts)
 A = Elapsed time spent in this place.
 B = Non-inter-level travel time spent in this place.
 C = Inter-level travel time spent in this place.
 D = Time resting spent in this place.
 E = Time spent auto-exploring this place.
 F = Levels seen in this place.
 G = Mean time per level.
                   A        B        C        D        E       F      G
               +--------+--------+--------+--------+--------+-----+--------+
         Total |    321 |    321 |      0 |    224 |      3 |   1 |  321.0 |
       Dungeon |    321 |    321 |      0 |    224 |      3 |   1 |  321.0 |
               +--------+--------+--------+--------+--------+-----+--------+

Top non-repeatable levels by time:
       D: 321 daAuts
